 Dungeon Crawl Stone Soup version 0.30-a0-808-g6e0788376e (webtiles) character file.

Game seed: 4844715602117347336

16015 cforsyth the Covert (level 12, -16/72 HPs)
             Began as a Kobold Brigand on Feb 27, 2023.
             Was a Priest of Hepliaklqana.
             Demolished by a catoblepas (27 damage)
             ... in a Gauntlet.
             The game lasted 00:25:50 (17310 turns).

cforsyth the Covert (Kobold Brigand)               Turns: 17310, Time: 00:25:51

Health: -16/72     AC: 11    Str:  9    XL:     12   Next: 64%
Magic:  12/12      EV: 23    Int: 12    God:    Hepliaklqana [***...]
Gold:   511        SH:  0    Dex: 21    Spells: 11/11 levels left

rFire   + . .      SeeInvis +    y - +5 dagger
rCold   + + .      Faith    .    (no shield)
rNeg    . . .      Spirit   .    F - +3 leather armour of Vochie {Slay+3}
rPois   +          Reflect  .    J - +2 hat
rElec   +          Harm     .    c - +1 cloak
rCorr   +          Rampage  .    s - +0 pair of gloves
Will    .....      NoTele   +    (no boots)
Stlth   +++++++                  N - amulet of the acrobat
HPRegen 0.32/turn                q - ring of see invisible
MPRegen 0.13/turn                x - ring of protection from cold

@: resistant, hasted, very quick
A: reduced essence, small, no large weapons, nightstalker 3, hooves 1, passive
freeze
a: Renounce Religion, Recall Ancestor, Ancestor Identity, Transference


You were in a Gauntlet.
You worshipped Hepliaklqana.
Hepliaklqana was most pleased with you.
You visited 2 branches of the dungeon, and saw 13 of its levels.
You also visited: Gauntlet.

You collected 913 gold pieces.
You spent 402 gold pieces at shops.

Inventory:

Hand Weapons
 y - a +5 dagger (weapon)
Missiles
 b - 4 throwing nets
 d - 27 poisoned darts (quivered)
 e - 3 curare-tipped darts
 G - 2 atropa-tipped darts
Armour
 c - a +1 cloak (worn)
 f - a +2 robe of willpower
 s - a +0 pair of gloves (worn)
 F - the +3 leather armour of Vochie (worn) {Slay+3}
   (You bought it in a shop on level 2 of the Dungeon)

   Slay:      It affects your accuracy & damage with ranged weapons and melee
   (+3).
 J - a +2 hat (worn)
Jewellery
 q - a ring of see invisible (left hand)
 v - a ring of ice
 x - a ring of protection from cold (right hand)
 C - a ring of wizardry
 N - an amulet of the acrobat (around neck)
 P - the ring "Mumaecvi" {rF- Str+6 Int+4}
   (You found it in a Gauntlet)

   [ring of strength]

   Str:       It affects your strength (+6).
   Int:       It affects your intelligence (+4).
   rF:        It makes you vulnerable to fire.
Wands
 g - a wand of digging (8)
 t - a wand of acid (7)
 z - a wand of roots (15)
 H - a wand of flame (25)
 I - a wand of mindburst (4)
 O - a wand of polymorph (5)
Scrolls
 a - a scroll of blinking
 i - 3 scrolls of teleportation
 l - 3 scrolls of magic mapping
 u - 5 scrolls of identify
 A - a scroll of fog
 B - 2 scrolls of enchant weapon
 D - a scroll of immolation {unknown}
 K - 2 scrolls of brand weapon {unknown}
 L - a scroll of fear
 M - a scroll of acquirement {unknown}
Potions
 h - a potion of flight
 j - 9 potions of curing
 k - a potion of magic
 m - a potion of resistance
 n - 3 potions of ambrosia
 o - 3 potions of brilliance
 p - 3 potions of might
 r - 2 potions of cancellation
 w - 2 potions of mutation
 E - a potion of haste


   Skills:
 + Level 11.1 Fighting
 + Level 13.2 Short Blades
 - Level 2.1 Throwing
 + Level 11.8 Dodging
 + Level 14.9 Stealth


You had 11 spell levels left.
You didn't know any spells.
Your spell library contained the following spells:

 Spells                   Type           Power      Damage    Failure   Level
 Magic Dart               Conj           0%         1d3       43%         1
 Sting                    Tmut/Pois      0%         1d3       43%         1
 Summon Small Mammal      Summ           0%         N/A       43%         1
 Call Imp                 Summ           0%         N/A       56%         2
 Poisonous Vapours        Pois/Air       0%         N/A       56%         2
 Call Canine Familiar     Summ           0%         N/A       80%         3
 Mephitic Cloud           Conj/Pois/Air  0%         N/A       80%         3
 Summon Guardian Golem    Hex/Summ       0%         N/A       80%         3
 Olgreb's Toxic Radiance  Pois           0%         N/A       99%         4


Dungeon Overview and Level Annotations

Branches:
Dungeon (12/15)            Temple (1/1) D:6            Lair (0/5) D:8
    Orc (0/2) D:10        Gauntlet (1/1)

Altars:
Ashenzari
Cheibriados
Dithmenos
Elyvilon
Fedhas
Gozag
Hepliaklqana
Kikubaaqudgha
Makhleb
Nemelex Xobeh
Okawaru
Qazlal
Ru
Sif Muna
Trog
Uskayaw
Vehumet
Wu Jian
Xom
Yredelemnul
Zin
The Shining One

Shops:
D:2 [   D:6 (   D:7 :[

Annotations:
D:6 3 runed translucent doors, lotum's ghost, novice TrWr Gauntlet 6 transporters


Innate Abilities, Weirdness & Mutations

Your life essence is reduced to manifest your ancestor. (-10% HP)
You are small and have problems with some larger weapons.
You are completely attuned to the shadows.
You have large cloven feet.
A frigid envelope surrounds you and freezes all who hurt you.


Message History

You swap places.
There is a transporter here.
You enter the transporter and appear at another place.
Found a transporter.
The molten gargoyle hits Octavia with a +0 flail!
Octavia is engulfed in flames.
Octavia resists.
The catoblepas gores Octavia.
Found a transporter.
The molten gargoyle drops a net on you.
You avoid being caught in a net.
You see here the ring "Mumaecvi" {rF- Str+6 Int+4}.
P - the ring "Mumaecvi" {rF- Str+6 Int+4} The molten gargoyle blasts magma at you!
The bolt of magma misses you.
You swap places.
The molten gargoyle completely misses you.
The catoblepas breathes a plume of calcifying dust at you.
The blast of calcifying dust hits you!
There is a transporter here.
Unknown command.
You enter the transporter and appear at another place.
The molten gargoyle hits you with a +0 flail!!
You are engulfed in flames!
The catoblepas gores you!!
* * * LOW HITPOINT WARNING * * *
Okay, then.
You feel yourself speed up.
The molten gargoyle completely misses you.
The catoblepas breathes a plume of calcifying dust at you.
The blast of calcifying dust hits you!
* * * LOW HITPOINT WARNING * * *
The molten gargoyle completely misses you.
The catoblepas misses you.
Unknown command.
It was a potion of mutation.
You feel extremely strange.
Your skin feels very cold.
Your feet thicken and deform.
It was a potion of resistance.
You feel protected.
The molten gargoyle blasts magma at you!
The bolt of magma misses you. The catoblepas gores you!!
You die...

######## ### ### ### ### ### ##
.......###≈###≈###≈###≈###≈###≈##
..8⌠8...#≈≈≈#≈≈≈#≈≈≈#≈≈≈#≈≈≈#≈≈≈#
..............................≈#
###########################...##
(x#8©8#...^...#8©8###..t..#...≈##
.##...#.##.##!#...####t##[#...≈≈#
###...##..#..##9Y.#..t.##.#...≈##
gg#©.©#.##©##9#§@©#.# #©#...##
.#######..#.9######.##...?#...≈##
###...#.##.##R#...#.##.####...≈≈#
.g#.8.#...^...#.8.#.....###...≈##
###...#########...#########...##
..............................≈#
#≈≈≈#≈≈≈#≈≈≈#≈≈≈#≈≈≈#≈≈≈#≈≈≈#≈≈≈#
##≈###≈###≈###≈###≈###≈###≈###≈##
### ### ### ### ### ### ### ##


You could see the friendly Octavia the hexer, a catoblepas, 2 molten gargoyles
and a gargoyle.

Vanquished Creatures
  Gastronok (D:10)
  Harold (D:10)
  Erica (D:10)
  2 two-headed ogres
  Lodul (D:10)
  Pikel (D:5)
  2 deep elf pyromancers
  An ugly thing (D:11)
  An ice statue (Gauntlet)
  2 rime drakes (Gauntlet)
  2 trolls
  Grinder (D:3)
  Sigmund (D:2)
  A shadow (D:10)
  3 wyverns
  A wraith (D:12)
  7 yaks (D:11)
  A basilisk (D:11)
  A vampire mosquito (D:10)
  A water moccasin (D:6)
  2 ice beasts (D:5)
  A sky beast (D:7)
  2 orc warriors (D:10)
  8 ogres
  7 centaurs
  2 wolves (D:8)
  2 lemures (D:5)
  A kobold brigand (D:11)
  A phantom (D:5)
  Blork the orc (D:5)
  3 scorpions
  7 bullfrogs
  A gnoll sergeant (D:7)
  4 wights (D:8)
  9 killer bees
  3 electric eels (D:8)
  A bullfrog zombie (D:6)
  A jelly (D:7)
  6 orc priests
  4 hounds
  10 orc wizards
  Terence (D:2)
  6 iguanas
  A small abomination (Gauntlet)
  A killer bee zombie (D:6)
  6 adders
  2 gnolls
  A white imp (D:5)
  An ufetubus (D:6)
  2 worms
  2 dart slugs
  53 orcs
  4 ball pythons
  3 bats
  7 endoplasms
  11 hobgoblins
  2 jackals (D:4)
  A quokka (D:3)
  3 frilled lizards (D:1)
  5 goblins
  8 kobolds
  6 rats
234 creatures vanquished.

Vanquished Creatures (collateral kills)
  A gargoyle (D:10)
  Psyche (D:9)
  5 yaks
  2 orc warriors
  A black bear (D:5)
  A sky beast (D:8)
  2 ogres
  2 centaurs (D:11)
  A bullfrog (D:7)
  3 killer bees (D:9)
  2 electric eels (D:8)
  3 hounds (D:8)
  An orc wizard (D:8)
  3 gnolls (D:8)
  5 orcs
33 creatures vanquished.

Vanquished Creatures (others)
  2 ancestors (D:8)
  7 hexers
  A demonic plant (Gauntlet)
10 creatures vanquished.

Grand Total: 277 creatures vanquished

Notes
Turn   | Place    | Note
-------+----------+-------------------------------------------
     0 | D:1      | cforsyth the Kobold Brigand began the quest for the Orb.
     0 | D:1      | Reached XP level 1. HP: 12/12 MP: 1/1
   282 | D:1      | Reached XP level 2. HP: 5/18 MP: 2/2
   745 | D:1      | Reached XP level 3. HP: 19/22 MP: 3/3
   821 | D:2      | Found Ykhebionn's Armour Boutique.
  1016 | D:2      | Noticed Terence
  1020 | D:2      | Killed Terence
  1021 | D:2      | Reached skill level 6 in Stealth
  1021 | D:2      | Reached XP level 4. HP: 28/28 MP: 4/4
  1276 | D:2      | Noticed Sigmund
  1293 | D:2      | Killed Sigmund
  1294 | D:2      | Reached XP level 5. HP: 5/33 MP: 5/5
  1294 | D:2      | Reached XP level 6. HP: 6/38 MP: 6/6
  2657 | D:3      | Noticed Grinder
  2659 | D:3      | Killed Grinder
  2660 | D:3      | Reached skill level 5 in Short Blades
  2660 | D:3      | Reached skill level 7 in Stealth
  2660 | D:3      | Reached XP level 7. HP: 44/44 MP: 7/7
  3476 | D:4      | Noticed a wyvern
  3534 | D:5      | Entered Level 5 of the Dungeon
  3658 | D:5      | Reached skill level 5 in Fighting
  3658 | D:5      | Reached skill level 5 in Dodging
  3658 | D:5      | Reached skill level 8 in Stealth
  3658 | D:5      | Reached XP level 8. HP: 49/49 MP: 8/8
  4005 | D:5      | Noticed Blork the orc
  4087 | D:5      | Killed Blork the orc
  4316 | D:5      | Noticed Pikel
  4494 | D:5      | Noticed a two-headed ogre
  4666 | D:4      | You fall into a shaft and drop 1 floor!
  4805 | D:4      | Killed a wyvern
  4960 | D:4      | Reached skill level 9 in Stealth
  5162 | D:4      | Found a shadowy altar of Dithmenos.
  5561 | D:6      | Reached XP level 9. HP: 18/55 MP: 9/9
  5852 | D:6      | Found a runed translucent gate.
  5853 | D:6      | Found a runed translucent gate.
  5853 | D:6      | Noticed lotum's ghost (novice TrWr)
  5854 | D:6      | Found a runed translucent gate.
  5855 | D:6      | Found a basalt altar of Yredelemnul.
  6226 | D:6      | Found an opulent altar of Gozag.
  6229 | D:6      | Found an ornate altar of the Wu Jian Council.
  6235 | D:6      | Found a broken altar of Ashenzari.
  6243 | D:6      | Found a hide-covered altar of Uskayaw.
  6246 | D:6      | Found a hazy altar of Hepliaklqana.
  6247 | D:6      | Found a shimmering altar of Xom.
  6251 | D:6      | Became a worshipper of Hepliaklqana the Forgotten
  6426 | D:6      | Found a staircase to the Ecumenical Temple.
  6438 | Temple   | Entered the Ecumenical Temple
  6756 | D:6      | Found Nuist's Antique Weapon Shoppe.
  7688 | D:7      | Reached * piety under Hepliaklqana
  7774 | D:7      | Reached skill level 10 in Stealth
  7792 | D:7      | Found Redwih's Antique Armour Emporium.
  7855 | D:7      | Found Lucekk's Vocational Training.
  7950 | D:7      | Found a radiant altar of Vehumet.
  8347 | D:7      | Found a burning altar of Makhleb.
  9175 | D:8      | Reached XP level 10. HP: 44/56 MP: 10/10
  9239 | D:8      | Noticed a deep elf pyromancer
  9248 | D:8      | Killed a deep elf pyromancer
  9249 | D:8      | Reached skill level 11 in Stealth
  9651 | D:8      | HP: 1/57 [troll (6)]
 10538 | D:8      | Found a staircase to the Lair.
 10834 | D:8      | Reached ** piety under Hepliaklqana
 10835 | D:8      | Remembered your ancestor Octavia as a hexer
 10897 | D:8      | Reached skill level 10 in Short Blades
 11057 | D:2      | Bought the +3 leather armour of Vochie {Slay+3} for 402
                  | gold pieces
 11311 | D:5      | Killed a two-headed ogre
 11312 | D:5      | Reached skill level 12 in Stealth
 11337 | D:5      | Killed Pikel
 11734 | D:9      | Found a sacrificial altar of Ru.
 11791 | D:9      | Reached XP level 11. HP: 25/62 MP: 11/11
 12184 | D:9      | Noticed Psyche
 12193 | D:9      | Killed Psyche
 12671 | D:9      | Found a glowing golden altar of the Shining One.
 13382 | D:10     | Entered Level 10 of the Dungeon
 13408 | D:10     | Found an iron altar of Okawaru.
 13620 | D:10     | Found a staircase to the Orcish Mines.
 13622 | D:10     | Reached *** piety under Hepliaklqana
 13626 | D:10     | Identified the +4 rapier of Qazlal's Esteem {freeze, Str+4}
 13628 | D:10     | Noticed Gastronok
 13632 | D:10     | Killed Gastronok
 13633 | D:10     | Reached skill level 10 in Dodging
 13633 | D:10     | Reached skill level 13 in Stealth
 13973 | D:10     | Noticed Harold
 13991 | D:10     | Killed Harold
 14075 | D:10     | Noticed Erica
 14090 | D:10     | Killed Erica
 14417 | D:10     | Noticed Lodul
 14510 | D:10     | Killed Lodul
 14511 | D:10     | Reached skill level 10 in Fighting
 14838 | D:10     | Identified the +0 robe "Taoso" {Harm rElec rF+ Dex-2}
 14949 | D:10     | Reached XP level 12. HP: 63/69 MP: 12/12
 15106 | D:11     | Reached skill level 14 in Stealth
 16091 | D:12     | Found a gate leading to a gauntlet.
 16127 | D:12     | Noticed a two-headed ogre
 16130 | D:12     | Killed a two-headed ogre
 16131 | D:12     | Noticed a skeletal warrior
 16143 | D:12     | Noticed a centaur warrior
 16143 | D:12     | Noticed a skeletal warrior
 16173 | Gauntlet | Entered a Gauntlet
 16173 | Gauntlet | Found a transporter.
 16409 | Gauntlet | Found a transporter.
 16421 | Gauntlet | Found a transporter.
 16433 | Gauntlet | Found a transporter.
 16440 | Gauntlet | Noticed a catoblepas
 16445 | Gauntlet | Found a transporter.
 16462 | Gauntlet | Found a transporter.
 16513 | Gauntlet | Noticed a large abomination
 16613 | Gauntlet | Found a transporter.
 16666 | Gauntlet | Found a transporter.
 16970 | Gauntlet | Found a transporter.
 16973 | Gauntlet | Found a transporter.
 17135 | Gauntlet | Found a transporter.
 17138 | Gauntlet | Noticed a naga warrior
 17138 | Gauntlet | Noticed a naga warrior
 17138 | Gauntlet | Found a transporter.
 17300 | Gauntlet | Found a transporter.
 17302 | Gauntlet | Found a transporter.
 17302 | Gauntlet | Identified the ring "Mumaecvi" {rF- Str+6 Int+4}
 17309 | Gauntlet | Gained mutation: A frigid envelope surrounds you and
                  | freezes all who hurt you. [potion of mutation]
 17309 | Gauntlet | Gained mutation: You have large cloven feet. [potion of
                  | mutation]
 17310 | Gauntlet | Demolished by a catoblepas

Illustrated notes

Levels and vault maps discovered:
D:1:      dpeg_arrival_yet_another_circle, layout_loops_ring, minmay_tripent
D:2:      kennysheep_big_flooded_room, layout_loops_corners, serial_shops,
          nicolae_diamond_shop, dreamdust_wishing_well, uniq_terence,
          uniq_sigmund, uniq_crazy_yiuf_cottage
D:3:      layout_basic, uniq_grinder
D:4:      layout_basic, nicolae_dithmenos_through_a_glass_darkly
D:5:      layout_basic, uniq_pikel, uniq_blork_the_orc
D:6:      layout_loops_corners, grunt_temple_overflow_open,
          nicolae_yredelemnul_ghost_church, minmay_temple_entry_ruins,
          serial_shops, nicolae_shop_crystal
D:7:      layout_loops_ring, makhleb_altar_promises_db,
          mainiacjoe_overflow_paths, serial_shops, nicolae_take_the_stairs,
          nrook_mini_backslash, nicolae_shop_vocational
D:8:      layout_basic, erik_lair_island, guppyfry_early_elven_hall
D:9:      layout_layer_cave, lemuel_doored_altar, mainiacjoe_overflow_alcove_4,
          uniq_psyche
D:10:     layout_long_grid, okawaru_trees_1, orc_0_dummy,
          corexii_leaking_fountain, kennysheep_generic_room_6, uniq_lodul,
          uniq_gastronok, uniq_harold, uniq_erica
D:11:     layout_cross, chequers_serial_rivers_small_b, chequers_mini_garden,
          amcnicky_mini_corridor_feature
D:12:     layout_irregular_city, gauntlet_entry_generic, grunt_potential
Temple:   nicolae_temple_bog_church
Gauntlet: gammafunk_gauntlet_77_escape_option
          [minmay_gauntlet_arena_77_broken_ladder,
          minmay_gauntlet_arena_77_two_paths,
          minmay_gauntlet_arena_77_tiled_triplets,
          minmay_gauntlet_arena_77_braids, minmay_gauntlet_arena_77_p_blocks,
          gauntlet_exit_green]

Skill      XL: |  1  2  3  4  5  6  7  8  9 10 11 12 |
---------------+-------------------------------------+-----
Short Blades   | 3 4 5 6 7 9 10 12 13 | 13.2
Dodging        | 2 3 4 5 6 7 9 10 11 | 11.8
Fighting       | 3 4 5 6 7 8 10 11 | 11.1
Stealth        | 6 7 8 9 10 12 13 14 | 14.9
Throwing       | |  2.1

Action                     |  1- 3 |  4- 6 |  7- 9 | 10-12 || total
---------------------------+-------+-------+-------+-------++-------
  Melee: Dagger            |    82 |    67 |   383 |   548 ||  1080
         Punch             |     1 |       |    10 |     8 ||    19
 Invoke: Recall Ancestor   |       |       |       |     3 ||     3
         Ancestor Life: He |       |       |       |     1 ||     1
    Use: Potion            |       |     2 |     2 |     3 ||     7
         Scroll            |       |       |    19 |     1 ||    20
   Stab: Sleeping          |    13 |    10 |    38 |     9 ||    70
         Distracted        |     1 |     1 |       |     7 ||     9
         Confused          |       |       |       |     9 ||     9
 Armour: Robe              |     7 |     9 |    26 |    11 ||    53
         Skin              |       |     3 |     7 |       ||    10
         Leather armour    |       |       |       |    38 ||    38
  Dodge: Dodged            |    47 |    24 |   227 |   373 ||   671

Table legend: (Time is in decaauts)
 A = Elapsed time spent in this place.
 B = Non-inter-level travel time spent in this place.
 C = Inter-level travel time spent in this place.
 D = Time resting spent in this place.
 E = Time spent auto-exploring this place.
 F = Levels seen in this place.
 G = Mean time per level.
                   A        B        C        D        E       F      G
               +--------+--------+--------+--------+--------+-----+--------+
         Total |  16897 |  15669 |   1228 |   3347 |   9683 |  14 | 1206.9 |
       Dungeon |  15474 |  14263 |   1211 |   2571 |   9352 |  12 | 1289.5 |
        Temple |    306 |    290 |     16 |      0 |    280 |   1 |  306.0 |
      Gauntlet |   1116 |   1116 |      0 |    776 |     51 |   1 | 1116.0 |
               +--------+--------+--------+--------+--------+-----+--------+

Top non-repeatable levels by time:
     D:8: 1917 daAuts
     D:7: 1895 daAuts
     D:9: 1754 daAuts
     D:6: 1641 daAuts
     D:5: 1561 daAuts
    D:10: 1454 daAuts
     D:2: 1385 daAuts
     D:4: 1281 daAuts
Gauntlet: 1116 daAuts
     D:1: 890 daAuts
     D:3: 813 daAuts
    D:11: 746 daAuts
  Temple: 306 daAuts
    D:12: 131 daAuts
